 Dungeon Crawl Stone Soup version 0.27-a0-1548-gf8a67e7463 (webtiles) character file.

Game seed: 9735992947217200470

60 dolemite99 the Skirmisher (level 3, -4/34 HPs)
             Began as a Minotaur Transmuter on July 14, 2021.
             Was an Initiate of Gozag.
             Killed from afar by an orc wizard (8 damage)
             ... with a magic dart
             ... on level 3 of the Dungeon.
             The game lasted 00:01:56 (2267 turns).

dolemite99 the Skirmisher (Minotaur Transmuter)     Turns: 2267, Time: 00:01:58

Health: -4/34      AC:  5    Str: 15    XL:     3   Next: 82%
Magic:  4/4        EV: 10    Int: 10    God:    Gozag
Gold:   74         SH:  0    Dex: 10    Spells: 3/4 levels left

rFire    . . .     SeeInvis .     - Unarmed
rCold    . . .     Faith    .   (no shield)
rNeg     . . .     Spirit   .   b - +0 ring mail
rPois    .         Reflect  .   (helmet restricted)
rElec    .         Harm     .   (no cloak)
rCorr    .         Rampage  .   (no gloves)
Will     .....                  (no boots)
Stlth    ..........             (no amulet)
HPRegen  0.11/turn              (no ring)
MPRegen  0.09/turn              (no ring)

@: flying
A: horns 2, retaliatory headbutt
a: Renounce Religion, Potion Petition, Call Merchant, Bribe Branch


You were on level 3 of the Dungeon.
You worshipped Gozag.
Gozag was noncommittal.
You visited 1 branch of the dungeon, and saw 3 of its levels.

You collected 74 gold pieces.

Inventory:

Missiles
 d - 78 stones
 e - 78 arrows
 i - 19 sling bullets
Armour
 a - a +0 robe
 b - a +0 ring mail (worn)
Scrolls
 g - 5 scrolls of identify {unknown}
 h - a scroll of blinking {unknown}
 j - a scroll of enchant weapon {unknown}
 k - a scroll of fear {unknown}
Potions
 c - a potion of flight
 f - a potion of haste {unknown}


   Skills:
 + Level 4.3 Fighting
 - Level 2.1 Dodging
 - Level 3.5 Unarmed Combat
 - Level 1.3 Spellcasting
 - Level 1.5 Transmutations


You had 3 spell levels left.
You knew the following spells:

 Your Spells              Type           Power      Damage    Failure   Level
a - Beastly Appendage     Tmut           6%         N/A       34%         1

Your spell library contained the following spells:

 Spells                   Type           Power      Damage    Failure   Level
 Wereblood                Tmut           3%         N/A       47%         2
 Shock                    Conj/Air       0%         1d3       54%         1
 Sublimation of Blood     Necr           0%         N/A       69%         2
 Spider Form              Tmut/Pois      1%         N/A       82%         3
 Gell's Gravitas          Tloc           0%         N/A       89%         3
 Lesser Beckoning         Tloc           0%         N/A       89%         3
 Swiftness                Air            0%         N/A       89%         3
 Teleport Other           Tloc           0%         N/A       89%         3
 Ice Form                 Ice/Tmut       2%         N/A       99%         4
 Airstrike                Air            0%         N/A       100%        4
 Summon Hydra             Summ           0%         N/A       100%        7


Dungeon Overview and Level Annotations

Branches:
Dungeon (3/15)

Altars:
Gozag

Shops:
D:1 !

Annotations:
D:3 Sigmund


Innate Abilities, Weirdness & Mutations

You have a pair of horns on your head.
You reflexively headbutt those who attack you in melee.


Message History

You kill the orc!
You miss something.
You hear some strange, mumbled words.
A puff of flame appears from out of thin air!
The puff of flame hits you.
You hit something. Your headbutt misses something. The orc closely misses you.
You furiously retaliate!
You headbutt the orc. You hit something. Something hits you but does no damage.
You closely miss something. Something hits you but does no damage.
The orc barely misses you. The orc hits you with a +0 hand axe.
You barely miss something. Your headbutt misses something.
Something hits you but does no damage. The orc barely misses you.
You furiously retaliate!
You headbutt the orc, but do no damage. The orc hits you but does no damage.
You barely miss something. Something hits you but does no damage.
The orc hits you with a +0 club. The orc hits you with a +0 hand axe.
You closely miss something. Something hits you but does no damage.
The orc barely misses you. x2
You barely miss something.
You hear some strange, mumbled words.
A puff of flame appears from out of thin air!
The puff of flame hits you. The orc hits you but does no damage.
The orc closely misses you.
You hit something but do no damage.
You hear some strange, mumbled words.
A magic dart appears from out of thin air!
The magic dart hits you!
* * * LOW HITPOINT WARNING * * *
The orc barely misses you. The orc closely misses you.
It was a potion of flight.
You feel very buoyant.
You fly up into the air.
Something hits you but does no damage.
The orc is distracted by your dazzling golden aura. x2
The orc shouts! x2
The orc is no longer distracted by gold.
The orc is no longer distracted by gold.
A magic dart appears from out of thin air!
The magic dart hits you!
You die...
Your body crumbles into a pile of gold.

#.# #$#...#
#.#
##.#...####
#.#
#.........#
##.#
#.........#
...#
#..o......#
####
####o{o#.##
#...#.#
#...#.#
##.@#.# ##.#.#
#.#.# #
##########.#.#
##
#............#
.##
#.########.###
#.#####.# #.#
##...##.# #.#
##..##.# #.#


You could see 3 orcs.

Vanquished Creatures
  2 adders
  A worm (D:2)
  A dart slug (D:1)
  2 orcs (D:3)
  2 bats
  5 endoplasms
  3 goblins
  A hobgoblin (D:1)
  3 jackals (D:2)
  4 kobolds
  A quokka (D:2)
  3 ball pythons
  A frilled lizard (D:1)
  4 rats
33 creatures vanquished.

Notes
Turn   | Place    | Note
-------+----------+-------------------------------------------
     0 | D:1      | dolemite99 the Minotaur Transmuter began the quest for the
                  | Orb.
     0 | D:1      | Reached XP level 1. HP: 16/16 MP: 1/1
   167 | D:1      | Found Echamnix's Distillery.
   303 | D:1      | Reached skill level 2 in Fighting
   311 | D:1      | Reached XP level 2. HP: 20/24 MP: 3/3
   862 | D:2      | HP: 1/25 [worm (10)]
  1231 | D:2      | Reached skill level 3 in Fighting
  1392 | D:2      | Reached XP level 3. HP: 26/31 MP: 4/4
  1921 | D:3      | Noticed Sigmund
  2007 | D:3      | Reached skill level 4 in Fighting
  2019 | D:3      | Found a faded altar of an unknown god.
  2049 | D:3      | Became a worshipper of Gozag Ym Sagoz the Greedy
  2267 | D:3      | Killed from afar by an orc wizard

Illustrated notes

Levels and vault maps discovered:
D:1:      dpeg_arrival_shelter, layout_loops_ring, serial_shops, shop,
          minmay_tromino_v4_c
D:2:      layout_basic
D:3:      layout_loops_ring, shapermc_ecumenical_altar_notcrosses,
          minmay_misc_feat_x, grunt_ministairs_2, uniq_sigmund

Skill      XL: |  1  2  3 |
---------------+----------+-----
Fighting       | 2 3 4 |  4.3
Dodging        | |  2.1
Unarmed Combat | |  3.5
Spellcasting   | |  1.3
Transmutations | |  1.5

Action                   || total
-------------------------++-------
Melee: Unarmed           ||   125
       Headbutt          ||    14
       Punch             ||     1
  Use: Potion            ||     1
Armor: Robe              ||     8
       Ring mail         ||    46
Dodge: Dodged            ||    78

Table legend: (Time is in decaauts)
 A = Elapsed time spent in this place.
 B = Non-inter-level travel time spent in this place.
 C = Inter-level travel time spent in this place.
 D = Time resting spent in this place.
 E = Time spent auto-exploring this place.
 F = Levels seen in this place.
 G = Mean time per level.
                   A        B        C        D        E       F      G
               +--------+--------+--------+--------+--------+-----+--------+
         Total |   2261 |   2065 |    196 |    217 |   1443 |   3 |  753.7 |
       Dungeon |   2261 |   2065 |    196 |    217 |   1443 |   3 |  753.7 |
               +--------+--------+--------+--------+--------+-----+--------+

Top non-repeatable levels by time:
     D:1: 1146 daAuts
     D:2: 794 daAuts
     D:3: 320 daAuts
